 Dungeon Crawl Stone Soup version 0.29.0-4-gdea44cf6ec (webtiles) character file.

Game seed: 10862827290695966306

201 qw the Chopper (level 5, 0/42 HPs)
             Began as a Barachi Chaos Knight on Sept 5, 2022.
             Killed from afar by an orc wizard (11 damage)
             ... with a magic dart
             ... on level 4 of the Dungeon.
             The game lasted 00:01:13 (3456 turns).

qw the Chopper (Barachi Chaos Knight)               Turns: 3456, Time: 00:01:13

Health: 0/42       AC:  6    Str: 13    XL:     5   Next: 79%
Magic:  5/5        EV:  6    Int: 11    God:
Gold:   129        SH:  0    Dex: 15    Spells: 4/4 levels left

rFire   . . .      SeeInvis .   Y - +0 war axe (flame)
rCold   . . .      Faith    .   (no shield)
rNeg    . . .      Spirit   .   e - +0 chain mail
rPois   .          Reflect  .   l - +0 helmet
rElec   .          Harm     .   (no cloak)
rCorr   .          Rampage  .   (no gloves)
Will    .....                   (no boots)
Stlth   ..........              (no amulet)
HPRegen 0.14/turn               (no ring)
MPRegen 0.09/turn               (no ring)

@: slow
A: amphibious, slowness 1, strong legs 1, +LOS, agile 1, deformed body, weak 1
a: Hop


You were on level 4 of the Dungeon.
You visited 1 branch of the dungeon, and saw 4 of its levels.

You collected 129 gold pieces.


Innate Abilities, Weirdness & Mutations

You are amphibious.
You cover ground slowly.
You can hop short distances.
You have an extended range of vision and can be seen from far away.
You are agile. (Dex +4, Str/Int -1)
Armour fits poorly on your strangely shaped body.
You are weak. (Str -2)


   Skills:
 - Level 4.0 Fighting
 + Level 6.3 Axes
 - Level 1.0 Throwing
 - Level 3.0 Armour
 - Level 1.1 Dodging


You had 4 spell levels left.
You didn't know any spells.
Your spell library was empty.

Inventory:

Hand Weapons
 Y - a +0 war axe of flaming (weapon)
Missiles
 n - 3 javelins (quivered)
Armour
 e - a +0 chain mail (worn)
 l - a +0 helmet (worn)
Potions
 a - a potion of curing
 b - a potion of might {unknown}
 f - a potion of berserk rage {unknown}
 g - a potion of lignification {unknown}
 k - a potion of haste {unknown}
 m - a potion of resistance
 r - a potion of brilliance {unknown}
Miscellaneous
 c - a piece from Xom's chessboard (15/15)

Dungeon Overview and Level Annotations

Branches:
Dungeon (4/15)
 Temple: D:4-7

Altars:
Nemelex Xobeh


Message History

The orc wizard is heavily wounded.
You completely miss the orc wizard.
The orc wizard hits you but does no damage. x2
You slash the orc wizard! You burn the orc wizard.
You kill the orc wizard!
You hit the orc wizard. You burn the orc wizard.
Xom's power touches on you for a moment.
Your body is wracked with pain!
Your Armour skill increases to level 3!
You hit the orc. You burn the orc.
You kill the orc!
You hit the orc but do no damage.
The orc wizard hits you with a +0 dagger.
A hobgoblin comes into view.
The orc barely misses you.
You hit the orc wizard but do no damage.
The orc wizard is severely wounded.
You hit the orc. You burn the orc. The orc hits you but does no damage.
The orc wizard hits you but does no damage.
You closely miss the orc wizard.
The orc wizard is severely wounded.
You hit the orc. You burn the orc.
You kill the orc!
The orc wizard hits you with a +0 dagger.
You hit the orc wizard. You burn the orc wizard.
Your punch misses the orc wizard.
The orc wizard is severely wounded.
The orc wizard hits you but does no damage.
You barely miss the orc wizard.
The orc wizard is severely wounded.
You hit the orc. You burn the orc. The orc wizard barely misses you.
The orc hits you with a +0 dagger.
You closely miss the orc.
The orc is almost dead.
You hit the orc wizard but do no damage.
The orc wizard barely misses you. The orc hits you with a +0 dagger.
The orc wizard gestures at you while chanting.
The magic dart hits you!
You die...

.. .....#
... $....#
...####....#
..........#
........#
.......
######....
......goo#
#@#####
#.#...#
#.#.#.#
#.#.#.#
#.#.#.#
#.#.#.#
#.#.#.#
#.#.#.#
#.#.#.#


You could see an orc wizard, an orc and a hobgoblin.

Vanquished Creatures
  A scorpion (D:3)
  An orc wizard (D:4)
  7 adders
  A dart slug (D:1)
  2 orcs (D:4)
  4 bats
  5 endoplasms
  6 goblins
  6 hobgoblins
  8 jackals
  3 kobolds
  2 quokkas
  A ball python (D:3)
  A frilled lizard (D:3)
  2 rats
50 creatures vanquished.

Notes
Turn   | Place    | Note
-------+----------+-------------------------------------------
     0 | D:1      | qw the Barachi Chaos Knight began the quest for the Orb.
     0 | D:1      | Reached XP level 1. HP: 18/18 MP: 1/1
     0 | D:1      | 0 ||| qw: Version: 0.1-a-104-g96f76f8
     0 | D:1      | 0 ||| qw: Game counter: 5907
     0 | D:1      | 0 ||| qw: Always use a shield: true
     0 | D:1      | 0 ||| qw: God list: Okawaru
     0 | D:1      | 0 ||| qw: Allow faded altars: false
     0 | D:1      | 0 ||| qw: Do Orc after D:15 true
     0 | D:1      | 0 ||| qw: Do second Lair branch before Depths: true
     0 | D:1      | 0 ||| qw: Lair rune preference: random
     0 | D:1      | 0 ||| qw: Plans: Normal
     0 | D:1      | 0 ||| PLANNING D:1-11
     0 | D:1      | Fell from the grace of Xom
    37 | D:1      | 37 ||| Stepping ~*~*~tactically~*~*~ (stealth).
    46 | D:1      | 46 ||| Stepping ~*~*~tactically~*~*~ (stealth).
    77 | D:1      | 77 ||| Stepping ~*~*~tactically~*~*~ (hiding).
    85 | D:1      | Reached XP level 2. HP: 22/24 MP: 2/2
   182 | D:1      | Reached skill level 4 in Axes
   241 | D:1      | XOM: stat loss: -3 Str (10/13)
   517 | D:1      | Found a faded altar of an unknown god.
   741 | D:1      | 741 ||| SWAPPING to +0 war axe.
   742 | D:1      | 742 ||| DROPPING +0 hand axe of chaos.
   964 | D:1      | XOM: noise
  1001 | D:1      | 1001 ||| UPGRADING to +0 scale mail.
  1011 | D:1      | 1011 ||| DROPPING +2 leather armour.
  1012 | D:1      | 1012 ||| READING scroll labelled ECENUF JOCOCK.
  1013 | D:1      | 1013 ||| READING scroll labelled USYCEFO FEOB.
  1149 | D:1      | 1149 ||| READING 2 scrolls labelled FEUM IWISHRA.
  1150 | D:1      | 1150 ||| DROPPING scroll of blinking.
  1288 | D:2      | 1288 ||| Stepping ~*~*~tactically~*~*~ (stealth).
  1294 | D:2      | Reached XP level 3. HP: 29/29 MP: 3/3
  1403 | D:2      | 1403 ||| Stepping ~*~*~tactically~*~*~ (stealth).
  1404 | D:2      | 1404 ||| Stepping ~*~*~tactically~*~*~ (stealth).
  1414 | D:2      | 1414 ||| Stepping ~*~*~tactically~*~*~ (stealth).
  1418 | D:2      | 1418 ||| FLEEEEING.
  1953 | D:2      | Found a sparkling altar of Nemelex Xobeh.
  2084 | D:2      | 2084 ||| UPGRADING to +0 chain mail.
  2094 | D:2      | 2094 ||| DROPPING +0 scale mail.
  2095 | D:2      | 2095 ||| READING scroll labelled BEKHLU XIGGENK.
  2096 | D:2      | 2096 ||| READING scroll labelled VIZIUS OKHUHA.
  2097 | D:2      | 2097 ||| READING 3 scrolls labelled UHY HAUGON.
  2198 | D:2      | 2198 ||| DRINKING 2 grey potions.
  2199 | D:2      | 2199 ||| DROPPING potion of attraction.
  2200 | D:2      | 2200 ||| DROPPING 2 scrolls of silence.
  2240 | D:3      | 2240 ||| STAIRDANCE
  2252 | D:2      | Reached skill level 5 in Axes
  2484 | D:3      | Reached XP level 4. HP: 36/36 MP: 4/4
  2509 | D:3      | Reached skill level 1 in Throwing
  2537 | D:3      | 2537 ||| Stepping ~*~*~tactically~*~*~ (stealth).
  2548 | D:3      | 2548 ||| Stepping ~*~*~tactically~*~*~ (stealth).
  2717 | D:3      | Noticed a scorpion
  2734 | D:3      | Killed a scorpion
  2735 | D:3      | Reached skill level 6 in Axes
  2735 | D:3      | Reached XP level 5. HP: 16/41 MP: 5/5
  2995 | D:3      | XOM: give mutations
  2995 | D:3      | Gained mutation: You are agile. (Dex +4, Str/Int -1) [Xom's
                  | mischief]
  2995 | D:3      | Gained mutation: Armour fits poorly on your strangely
                  | shaped body. [Xom's mischief]
  2995 | D:3      | Gained mutation: You are weak. (Str -2) [Xom's mischief]
  3355 | D:3      | 3355 ||| UPGRADING to +0 helmet.
  3360 | D:3      | 3360 ||| DROPPING ring of wizardry.
  3361 | D:3      | 3361 ||| READING scroll labelled HOEL MIECROAKAA.
  3362 | D:3      | 3362 ||| READING scroll labelled HARPHE AMUIH.
  3363 | D:3      | 3363 ||| READING scroll labelled SOELEU HOISTUE.
  3364 | D:3      | 3364 ||| READING scroll labelled POLOBI AR KIA.
  3365 | D:3      | 3365 ||| DROPPING +0 club.
  3366 | D:3      | 3366 ||| READING scroll labelled LULODEUHAT.
  3367 | D:3      | 3367 ||| DRINKING 3 sapphire potions.
  3368 | D:3      | 3368 ||| DRINKING 2 red potions.
  3440 | D:4      | 3440 ||| Stepping ~*~*~tactically~*~*~ (hiding).
  3444 | D:4      | 3444 ||| DRINKING 2 potions of curing.
  3444 | D:4      | 3444 ||| (to cure confusion)
  3450 | D:4      | XOM: torment (17/42 hp)
  3451 | D:4      | Reached skill level 3 in Armour
  3456 | D:4      | Killed from afar by an orc wizard

Levels and vault maps discovered:
D:1:      saegor_arrival_simple_b, layout_basic, basic_ecumenical_altar,
          nrook_mini_backslash
D:2:      layout_loops_ring, basic_altar
D:3:      layout_basic
D:4:      layout_basic, minmay_temple_entry_ruins,
          dilly_guarded_unrand_throatcut

Skill      XL: |  1  2  3  4  5 |
---------------+----------------+-----
Axes           | 4 5 6 |  6.3
Throwing       | 1 |  1.0
Fighting       | 4 |  4.0
Armour         | 3 |  3.0
Dodging        | |  1.1

Action                   |  1- 3 |  4- 6 || total
-------------------------+-------+-------++-------
Melee: Hand axe          |    50 |       ||    50
       War axe           |    71 |    55 ||   126
       Punch             |       |     1 ||     1
Throw: Javelin           |    10 |    13 ||    23
Invok: Renounce Religion |     1 |       ||     1
  Use: Scroll            |     6 |     5 ||    11
       Potion            |     1 |     3 ||     4
Armor: Leather armour    |    27 |       ||    27
       Scale mail        |    27 |       ||    27
       Chain mail        |    13 |    33 ||    46
Dodge: Dodged            |    60 |    23 ||    83

Table legend:
 A = Non-vault XP
 B = Vault XP
 C = Vault XP percentage of total XP
 D = Non-vault monster count
 E = Vault monster count
 F = Vault count percentage of total count
                 A         B        C        D         E       F
            +---------+---------+-------+---------+---------+-------
      Total |     288 |       0 |   0.0 |      50 |       0 |   0.0
            +---------+---------+-------+---------+---------+-------
        D:1 |      28 |       0 |   0.0 |      13 |       0 |   0.0
        D:2 |      37 |       0 |   0.0 |      14 |       0 |   0.0
        D:3 |     180 |       0 |   0.0 |      19 |       0 |   0.0
        D:4 |      43 |       0 |   0.0 |       4 |       0 |   0.0
            +---------+---------+-------+---------+---------+-------
